 Dungeon Crawl Stone Soup version 0.23.2-33-g5129a83184 (webtiles) character file.

Game seed: 12904358828013706938

429 Felnil the Skirmisher (level 6, -2/48 HPs)
             Began as a Mummy Fighter on Aug 4, 2019.
             Killed from afar by an orc wizard (10 damage)
             ... with a magic dart
             ... on level 6 of the Dungeon.
             The game lasted 00:18:27 (4088 turns).

Felnil the Skirmisher (Mummy Fighter)               Turns: 4088, Time: 00:18:27

Health: -2/48      AC:  6    Str: 28    XL:     6   Next: 66%
Magic:  6/6        EV:  8    Int:  3    God:
Gold:   176        SH: 10    Dex: 11    Spells: 5/5 levels left

rFire    x . .     SeeInvis +   e - +4 hand axe of Paper {drain, *Noise rElec rN+ Str+3}
rCold    + . .     Gourm    .   c - +0 shield
rNeg     + + +     Faith    .   b - +0 scale mail
rPois    ∞         Spirit   .   (no helmet)
rElec    +         Reflect  .   (no cloak)
rCorr    .         Harm     .   (no gloves)
MR       +....                  (no boots)
Stlth    +.........             (no amulet)
HPRegen  0.16/turn              l - ring of protection from magic
MPRegen  0.10/turn              k - ring "Naownies" {rPois Str+3 Int-4 SInv Stlth+}

@: no status effects
A: no food or potions, fire vulnerability, cold resistance 1, negative energy
resistance 3, torment resistance, unbreathing
a: no special abilities


You were on level 6 of the Dungeon.
You were not hungry.

You visited 1 branch of the dungeon, and saw 6 of its levels.

You collected 176 gold pieces.

Inventory:

Hand Weapons
 a - a +0 war axe
 e - the +4 hand axe of Paper (weapon) {drain, *Noise rElec rN+ Str+3}
   (You found it on level 4 of the Dungeon)

   A truly terrible weapon, it drains the life of those it strikes.
   It affects your strength (+3).
   It insulates you from electricity.
   It protects you from negative energy.
   It may make noises in combat.
 i - a +3 falchion of protection
Armour
 b - a +0 scale mail (worn)
 c - a +0 shield (worn)
Jewellery
 k - the ring "Naownies" (right hand) {rPois Str+3 Int-4 SInv Stlth+}
   (You acquired it on level 5 of the Dungeon)

   [ring of strength]

   It affects your strength (+3).
   It affects your intelligence (-4).
   It protects you from poison.
   It lets you see invisible.
   It makes you more stealthy.
 l - a ring of protection from magic (left hand)
Wands
 j - a wand of random effects (17)
Scrolls
 d - 2 scrolls of amnesia
 f - a scroll of blinking
 g - 7 scrolls of identify


   Skills:
 + Level 3.8 Fighting
 + Level 2.6 Long Blades
 + Level 3.1 Axes
 + Level 3.3 Armour
 + Level 1.0 Dodging
 + Level 0.1 Stealth
 + Level 3.3 Shields


You had 5 spell levels left.
You didn't know any spells.
Your spell library contained the following spells:

 Spells                   Type           Power        Failure   Level  Hunger
 Summon Small Mammal      Summ           #...         99%         1    N/A
 Call Imp                 Summ           #.......     100%        2    N/A
 Call Canine Familiar     Summ           #.......     100%        3    N/A
 Summon Guardian Golem    Hex/Summ       #.......     100%        3    N/A
 Summon Ice Beast         Ice/Summ       #.......     100%        4    N/A
 Summon Lightning Spire   Summ/Air       #.......     100%        4    N/A

Dungeon Overview and Level Annotations

Branches:
Dungeon (6/15)
 Temple: D:4-7

Altars:
Dithmenos
Elyvilon
Makhleb
Okawaru
Yredelemnul


Innate Abilities, Weirdness & Mutations

You do not eat or drink.
Your flesh is vulnerable to fire.
You are immune to poison.
Your flesh is cold resistant. (rC+)
You are immune to negative energy. (rN+++)
You are immune to unholy pain and torment.
You can survive without breathing.


Message History

The orc wizard looks satisfied for a moment.
The orc wizard casts a spell.
The orc wizard seems to speed up.
You see here a scroll of identify.
You are no longer corroded.
A jackal comes into view.
You block the orc wizard's attack. You block the orc wizard's attack.
You block the orc wizard's attack. The orc wizard completely misses you.
The orc wizard mumbles some strange words.
The orc wizard seems to speed up.
You block the orc wizard's attack.
The orc wizard gestures at you while chanting.
The magic dart hits you!
* * * LOW HITPOINT WARNING * * *
The orc wizard points at you and mumbles some strange words.
The magic dart hits you.
* * * LOW HITPOINT WARNING * * *
The orc wizard casts a spell at you. The magic dart hits you!
You die...

#.......# #.....##.
##8...8## ....h....
##...## .........
##.##### #.......
##......###+###.....#
#.......#....##.....#
#.......#......(....##
#.......#.....o.(....#
##..##@.##..o##(?....#
#####.o##...##.oo...+
#..oo....##.).o.##.
#........####o....#
#.........+.o(._...
##.......##.o(.8...
##########...._...
#......... #.........


You could see an orc warrior, an orc wizard and an orc.

Vanquished Creatures
  2 ogres (D:4)
  An orc priest (D:4)
  A jelly (D:6)
  2 worker ants
  8 adders
  An ooze (D:1)
  An adder skeleton (D:6)
  A worm (D:6)
  A dart slug (D:3)
  3 leopard geckos
  5 orcs
  4 giant cockroaches
  6 goblins
  5 hobgoblins
  3 quokkas
  4 ball pythons
  6 bats
  5 frilled lizards
  4 kobolds
  10 rats
73 creatures vanquished.

Notes
Turn   | Place    | Note
-------+----------+-------------------------------------------
     0 | D:1      | Felnil the Mummy Fighter began the quest for the Orb.
     0 | D:1      | Reached XP level 1. HP: 18/18 MP: 1/1
   191 | D:1      | Reached XP level 2. HP: 24/24 MP: 2/2
   911 | D:2      | Reached XP level 3. HP: 23/29 MP: 3/3
  1504 | D:2      | Reached XP level 4. HP: 34/35 MP: 4/4
  1846 | D:3      | Reached skill level 1 in Long Blades
  2118 | D:3      | Found a shadowy altar of Dithmenos.
  2199 | D:4      | Got a warped hand axe
  2200 | D:4      | Identified the +4 hand axe of Paper {drain, *Noise rElec
                  | rN+ Str+3} (You found it on level 4 of the Dungeon)
  2268 | D:4      | Noticed an ogre
  2269 | D:4      | Reached XP level 5. HP: 41/41 MP: 5/5
  2322 | D:4      | Killed an ogre
  2601 | D:4      | Noticed an ogre
  2631 | D:4      | Killed an ogre
  2631 | D:4      | Reached XP level 6. HP: 48/48 MP: 6/6
  2811 | D:5      | Entered Level 5 of the Dungeon
  2861 | D:5      | Found a white marble altar of Elyvilon.
  2890 | D:5      | Found a burning altar of Makhleb.
  2986 | D:5      | Found an iron altar of Okawaru.
  3385 | D:5      | HP: 2/48 [electric eel/bolt of electricity (2)]
  3928 | D:5      | Identified a scroll of acquirement
  3929 | D:5      | Got a scorched lapis lazuli ring
  3930 | D:5      | Identified the ring "Naownies" {rPois Str+3 Int-4 SInv
                  | Stlth+} (You acquired it on level 5 of the Dungeon)
  4057 | D:6      | Reached skill level 1 in Dodging
  4061 | D:6      | Found an iron altar of Okawaru.
  4062 | D:6      | Found a basalt altar of Yredelemnul.
  4071 | D:6      | Noticed an orc warrior
  4088 | D:6      | Killed from afar by an orc wizard

Skill      XL: |  1  2  3  4  5  6 |
---------------+-------------------+-----
Axes           | 2 3 |  3.1
Shields        | 3 |  3.3
Long Blades    | 1 2 |  2.6
Armour         | 3 |  3.3
Dodging        | 1 |  1.0
Fighting       | |  3.8
Stealth        | |  0.1

Action                   |  1- 3 |  4- 6 || total
-------------------------+-------+-------++-------
Melee: War axe           |    70 |       ||    70
       Falchion          |    35 |    56 ||    91
       Hand axe          |       |    61 ||    61
  Use: Scroll            |     4 |     5 ||     9
Armor: Scale mail        |    52 |    32 ||    84
Dodge: Dodged            |    36 |    40 ||    76
Block: Shield            |    61 |    49 ||   110
       Rpst.: Falchion   |     4 |     3 ||     7
